[Event "41st Amateur D7"]
[Site "ChessGUI4"]
[Date "2013.07.09"]
[Round "26.1"]
[White "MadChess 1.2"]
[Black "Carballo 0.8"]
[Result "0-1"]
[BlackElo "2273"]
[ECO "B76"]
[EventDate "2013.??.??"]
[TimeControl "40/1500:40/1500:40/1500"]
[WhiteElo "2200"]

{ i5 Quad } 1.e4 c5 2.Nf3 d6 3.d4 cxd4 4.Nxd4 Nf6 5.Nc3 g6 6.Be3 Bg7 7.f3 Nc6 8.Qd2 O-O 9.O-O-O Nxd4 { [%eval -29,13] [%emt 0:00:37] (Be6) } 10.Bxd4
{ [%eval 28,11] [%emt 0:00:25] (Bxd4) } 10...Be6
{ [%eval -22,13] [%emt 0:00:36] (Be6) } 11.Kb1
{ [%eval 38,11] [%emt 0:01:11] (Kb1) } 11...a6
{ [%eval -30,13] [%emt 0:00:35] (h5) } 12.g4
{ [%eval 29,11] [%emt 0: 01:11] (g4) } 12...Rc8
{ [%eval -27,14] [%emt 0:00:34] (Rc8) } 13.g5
{ [%eval 19,10] [%emt 0:00:16] (h4) } 13...Nd7
{ [%eval 7,13] [%emt 0:00:33] (Nd7) } 14.Bxg7
{ [%eval 0,10] [%emt 0:00:22] (Bxg7) } 14...Kxg7
{ [%eval 15,13] [%emt 0:00:32] (Kxg7) } 15.Nd5
{ [%eval 10,10] [%emt 0:00:38] (Qd4) } 15...f6
{ [%eval 22,12] [%emt 0:00:32] (Bxd5) } 16.h4
{ [%eval 44,11] [%emt 0:01:09] (Nf4) } 16...fxg5
{ [%eval 75,13] [%emt 0:00:31] (Kh8) } 17.hxg5
{ [%eval 5,11] [%emt 0:00:34] (Qxg5) } 17...Rxf3
{ [%eval 74,13] [%emt 0:00:30] (Rxf3) } 18.Be2
{ [%eval 9,11] [%emt 0:00:54] (Qh2) } 18...Rg3
{ [%eval 9,12] [%emt 0:00:29] (Rf7) } 19.Rh2
{ [%eval 50,10] [%emt 0:00:26] (Rh2) } 19...Nf8
{ [%eval 23,12] [%emt 0:00:29] (Bxd5) } 20.Qf4
{ [%eval 26,11] [%emt 0:00:38] (Rf1) } 20...Rh3
{ [%eval 57,14] [%emt 0:00:28] (Rh3) } 21.Rxh3
{ [%eval 0,11] [%emt 0: 00:29] (Rxh3) } 21...Bxh3
{ [%eval 49,14] [%emt 0:00:27] (Bxh3) } 22.Qf2
{ [%eval -12, 10] [%emt 0:00:22] (Qf2) } 22...Be6
{ [%eval 55,14] [%emt 0:00:26] (Be6) } 23.Rh1
{ [%eval -16,10] [%emt 0:00:25] (Qd4) } 23...Bxd5
{ [%eval 60,13] [%emt 0:00:26] (Kg8) } 24.exd5
{ [%eval -36,12] [%emt 0:00:46] (exd5) } 24...Qc7
{ [%eval 71,13] [%emt 0:00: 25] (e5) } 25.Qd4+
{ [%eval 1,13] [%emt 0:01:24] (Qd4) } 25...Kg8
{ [%eval 59,15] [%emt 0:00:24] (Kg8) } 26.c3
{ [%eval -14,12] [%emt 0:00:37] (c3) } 26...Re8
{ [%eval 59,13] [%emt 0:00:24] (Re8) } 27.Qe4
{ [%eval 0,11] [%emt 0:00:28] (Bg4) } 27...b5
{ [%eval 55,12] [%emt 0:00:23] (Qc5) } 28.a4
{ [%eval -9,11] [%emt 0:00:26] (Bg4) } 28...bxa4
{ [%eval 80,12] [%emt 0:00:23] (Qb7) } 29.Qxa4
{ [%eval -27,11] [%emt 0:00: 32] (Bxa6) } 29...Rb8
{ [%eval 101,12] [%emt 0:00:22] (Rb8) } 30.Qc2
{ [%eval -52,12] [%emt 0:00:40] (Qc6) } 30...Qc5
{ [%eval 126,12] [%emt 0:00:21] (a5) } 31.Qd2
{ [%eval -46,13] [%emt 0:00:41] (Qd2) } 31...a5
{ [%eval 120,14] [%emt 0:00:21] (a5) } 32.Rh4
{ [%eval -51,13] [%emt 0:00:37] (Ka1) } 32...Nd7
{ [%eval 156,14] [%emt 0:00: 20] (Nd7) } 33.Bg4
{ [%eval -65,13] [%emt 0:00:38] (Ka2) } 33...Qg1+
{ [%eval 154,15] [%emt 0:00:20] (Qg1) } 34.Qc1
{ [%eval -73,14] [%emt 0:00:50] (Qc1) } 34...Qxc1+
{ [%eval 153,16] [%emt 0:00:19] (Qxc1) } 35.Kxc1
{ [%eval -87,17] [%emt 0:01:19] (Kxc1) } 35...Ne5
{ [%eval 149,16] [%emt 0:00:19] (Ne5) } 36.Be6+
{ [%eval -93,16] [%emt 0:00:34] (Be2) } 36...Kg7
{ [%eval 138,17] [%emt 0:00:18] (Kg7) } 37.Ra4
{ [%eval -100,16] [%emt 0:00:52] (Ra4) } 37...Nd3+
{ [%eval 131,17] [%emt 0:00:18] (Nf3) } 38.Kc2
{ [%eval -122,18] [%emt 0:01:33] (Kc2) } 38...Ne1+
{ [%eval 139,16] [%emt 0: 00:17] (Nc5) } 39.Kb1
{ [%eval -92,17] [%emt 0:01:19] (Kb1) } 39...Nf3
{ [%eval 156,16] [%emt 0:00:17] (Rb5) } 40.Rg4
{ [%eval -110,16] [%emt 0:00:44] (Rxa5) } 40...Ra8
{ [%eval 158,15] [%emt 0:00:17] (h5) } 41.Ka2
{ [%eval -76,15] [%emt 0:01:02] (b3) } 41...Rb8
{ [%eval 137,19] [%emt 0:00:54] (Ne5) } 42.Kb1
{ [%eval 0,22] [%emt 0:01: 46] (Ka3) } 42...Ra8
{ [%eval 155,17] [%emt 0:00:52] (h5) } 43.Rg3
{ [%eval 0,100] [%emt 0:00:00] (b3) } 43...Ne5 44.Rg2
{ [%eval -113, 15] [%emt 0:01:02] (Rh3) } 44...Rf8
{ [%eval 173,18] [%emt 0:00:50] (a4) } 45.Ka2
{ [%eval -117,14] [%emt 0:00:57] (b3) } 45...Nd3
{ [%eval 174,17] [%emt 0:00:48] (Nd3) } 46.Rg3
{ [%eval -117,15] [%emt 0:01:15] (Ka3) } 46...Nc5
{ [%eval 168,16] [%emt 0:00: 47] (Nf4) } 47.Bh3
{ [%eval -111,15] [%emt 0:01:10] (b4) } 47...Ne4
{ [%eval 176,17] [%emt 0:00:46] (Ne4) } 48.Rg1
{ [%eval -128,16] [%emt 0:01:19] (Rg4) } 48...Rf4
{ [%eval 174,15] [%emt 0:00:45] (Rf4) } 49.Kb1
{ [%eval -127,15] [%emt 0:00:23] (Bd7) } 49...Nc5
{ [%eval 189,16] [%emt 0:00:44] (a4) } 50.Rg3
{ [%eval -138,14] [%emt 0:01:21] (Bg4) } 50...Re4
{ [%eval 189,15] [%emt 0:00:43] (h5) } 51.Ka2
{ [%eval -129, 15] [%emt 0:01:02] (Kc1) } 51...Ra4+
{ [%eval 190,17] [%emt 0:00:42] (Re1) } 52.Kb1
{ [%eval -129,15] [%emt 0:00:00] (Kb1) } 52...Re4 53.Ka2
{ [%eval 0,100] [%emt 0:00:01] (Ka2) } 53...Ra4+
{ [%eval 186,17] [%emt 0:00:39] (Re1) } 54.Kb1
{ [%eval 0,100] [%emt 0:00:00] (Kb1) } 54...Rf4 55.Bg2
{ [%eval -130,14] [%emt 0:00:39] (Ka2) } 55...Rf2
{ [%eval 200,17] [%emt 0:00:37] (a4) } 56.Bh3
{ [%eval -140,14] [%emt 0:00:25] (b4) } 56...Re2
{ [%eval 204,16] [%emt 0:00:37] (Re2) } 57.Ka1
{ [%eval -184,14] [%emt 0:00:34] (Kc1) } 57...Ne4
{ [%eval 208,14] [%emt 0:00:36] (a4) } 58.Rg1
{ [%eval -212,15] [%emt 0:00:40] (Rg1) } 58...Nc5
{ [%eval 205,15] [%emt 0:00:35] (Nf2) } 59.Rg3
{ [%eval 0,21] [%emt 0:00:44] (Bg4) } 59...Re5
{ [%eval 202,14] [%emt 0:00:34] (a4) } 60.Bg2
{ [%eval -157,15] [%emt 0:00:30] (Bg2) } 60...Nd7
{ [%eval 205,15] [%emt 0:00:33] (e6) } 61.b3
{ [%eval -122,13] [%emt 0:00:25] (b3) } 61...Re2
{ [%eval 203,17] [%emt 0:00:32] (h5) } 62.Kb1
{ [%eval -188,15] [%emt 0:00:29] (Kb1) } 62...Kh8
{ [%eval 220,16] [%emt 0:00:31] (Nc5) } 63.Kc1
{ [%eval -121,14] [%emt 0:00:27] (c4) } 63...Nc5
{ [%eval 225, 18] [%emt 0:00:31] (Nc5) } 64.b4
{ [%eval -146,14] [%emt 0:00:13] (c4) } 64...Nb3+
{ [%eval 322,17] [%emt 0:00:30] (Nb3) } 65.Kd1
{ [%eval -196,15] [%emt 0:00:21] (Kb1) } 65...Rd2+
{ [%eval 517,18] [%emt 0:00:29] (Rd2) } 66.Ke1
{ [%eval -196,15] [%emt 0:00:00] (Ke1) } 66...a4 67.Bf1
{ [%eval -254, 14] [%emt 0:00:30] (Rf3) } 67...a3
{ [%eval 564,16] [%emt 0:00:28] (Rb2) } 68.Rf3
{ [%eval -412,15] [%emt 0:00:42] (Rf3) } 68...a2
{ [%eval 560,16] [%emt 0:00:27] (Kg7) } 69.Rf8+
{ [%eval -450,17] [%emt 0:00:40] (Rf8) } 69...Kg7
{ [%eval 620,18] [%emt 0:00: 26] (Kg7) } 70.Ra8
{ [%eval -472,16] [%emt 0:00:10] (Ra8) } 70...Rc2
{ [%eval 569,15] [%emt 0:00:25] (Rc2) } 71.Bd3
{ [%eval -488,15] [%emt 0:00:12] (Rxa2) } 71...Rc1+
{ [%eval 575,16] [%emt 0:00:25] (Rxc3) } 72.Kf2
{ [%eval -532,15] [%emt 0:00:32] (Kf2) } 72...a1=Q
{ [%eval 663,18] [%emt 0:00:24] (Rxc3) } 73.Rxa1
{ [%eval -553,16] [%emt 0:00:51] (Rxa1) } 73...Nxa1
{ [%eval 655,17] [%emt 0:00:24] (Nxa1) } 74.c4
{ [%eval -538,15] [%emt 0:00:29] (c4) } 0-1

[Event "41st Amateur D7"]
[Site "ChessGUI4"]
[Date "2013.07.09"]
[Round "26.2"]
[White "ProChess 1.02AD"]
[Black "Shallow 1.0 64-bit"]
[Result "1/2-1/2"]
[BlackElo "2200"]
[ECO "A50"]
[EventDate "2013.??.??"]
[TimeControl "40/1500:40/1500:40/1500"]
[WhiteElo "2244"]

{ i5 Quad } 1.c4 Nf6 2.d4 c6 3.Bf4 d6 4.Nc3 Nbd7 5.Nf3 Qa5 6.Bd2 e5 7.e3 Qc7 8.Qc2 Be7 9.Bd3 h6
{ [%eval -24,13] [%emt 0:00: 42] (Nb6) } 10.O-O
{ [%eval 32,12] [%emt 0:01:51] (Ne2) } 10...Nb6
{ [%eval -20,13] [%emt 0:00:42] (O-O) } 11.c5
{ [%eval 40,11] [%emt 0:00:41] (Ne4) } 11...dxc5
{ [%eval -9,13] [%emt 0:00:42] (dxc5) } 12.Nxe5
{ [%eval 34,11] [%emt 0:00:40] (Nxe5) } 12...O-O
{ [%eval -12,12] [%emt 0:00:42] (O-O) } 13.f4
{ [%eval 30,10] [%emt 0:00:36] (f4) } 13...Bd6
{ [%eval -9,12] [%emt 0:00:42] (Qd6) } 14.Ne4
{ [%eval 27,10] [%emt 0:00:30] (dxc5) } 14...Nxe4
{ [%eval 12,13] [%emt 0:00:42] (Nxe4) } 15.Bxe4
{ [%eval 22,12] [%emt 0:00:34] (Bxe4) } 15...cxd4
{ [%eval 8,13] [%emt 0:00:42] (cxd4) } 16.exd4
{ [%eval 22,11] [%emt 0:00:40] (exd4) } 16...Be6
{ [%eval 4,12] [%emt 0:00:42] (Be6) } 17.Ba5
{ [%eval 21,10] [%emt 0:00:54] (Ba5) } 17...Rfe8
{ [%eval 0,12] [%emt 0: 00:42] (Rad8) } 18.Bh7+
{ [%eval 17,10] [%emt 0:01:19] (Rae1) } 18...Kh8
{ [%eval 9,13] [%emt 0:00:42] (Kh8) } 19.Bf5
{ [%eval 12,10] [%emt 0:00:25] (Bf5) } 19...Bd5
{ [%eval 7,13] [%emt 0:00:42] (Bd5) } 20.a3
{ [%eval 16,9] [%emt 0:00:24] (a3) } 20...f6
{ [%eval 8,13] [%emt 0:00:42] (c5) } 21.Nd3
{ [%eval 15,11] [%emt 0:00:36] (Ng6) } 21...Rad8
{ [%eval 13,12] [%emt 0:00:42] (g5) } 22.h3
{ [%eval 19,10] [%emt 0:00:29] (Bg6) } 22...Re7
{ [%eval 15,12] [%emt 0:00:42] (Kg8) } 23.Qf2
{ [%eval 20,11] [%emt 0: 00:42] (Bg6) } 23...Rde8
{ [%eval 10,12] [%emt 0:00:42] (Kg8) } 24.Rae1
{ [%eval 25,11] [%emt 0:00:22] (Bg6) } 24...Rxe1
{ [%eval 15,14] [%emt 0:00:42] (Kg8) } 25.Rxe1
{ [%eval 12,11] [%emt 0:00:23] (Rxe1) } 25...Rxe1+
{ [%eval 4,13] [%emt 0:00:42] (Rxe1) } 26.Bxe1
{ [%eval 15,13] [%emt 0:00:43] (Qxe1) } 26...Bc4
{ [%eval 13,13] [%emt 0:00: 42] (Bc4) } 27.g3
{ [%eval 7,12] [%emt 0:00:37] (g3) } 27...Qf7
{ [%eval 11,13] [%emt 0:00:42] (Nd5) } 28.Nc5
{ [%eval 9,12] [%emt 0:00:51] (Nc5) } 28...Bd5
{ [%eval 8,13] [%emt 0:00:42] (g6) } 29.Bc3
{ [%eval 20,12] [%emt 0:00:54] (Qe2) } 29...Qe7
{ [%eval 10,14] [%emt 0:00:42] (Nc4) } 30.Bd3
{ [%eval 17,12] [%emt 0:00:27] (Bg6) } 30...Nc4
{ [%eval 18,13] [%emt 0:00:42] (Kg8) } 31.Qe2
{ [%eval 15,13] [%emt 0:00:35] (Bb1) } 31...Bxc5
{ [%eval 42,15] [%emt 0:00:42] (Bxc5) } 32.Bxc4
{ [%eval 0,15] [%emt 0:00: 13] (Bxc4) } 32...Bxc4
{ [%eval 36,14] [%emt 0:00:42] (Bxc4) } 33.Qxc4
{ [%eval 0,14] [%emt 0:00:13] (Qxc4) } 33...Qe3+
{ [%eval 35,13] [%emt 0:00:42] (Qe3) } 34.Kg2
{ [%eval 0,14] [%emt 0:00:20] (Kg2) } 34...Bb6
{ [%eval 34,12] [%emt 0:00:42] (Bb6) } 35.a4
{ [%eval 0,13] [%emt 0:00:13] (a4) } 35...a5
{ [%eval 36,12] [%emt 0:00:42] (Qe4) } 36.b3
{ [%eval -22,13] [%emt 0:00:27] (b3) } 36...Kh7
{ [%eval 84,13] [%emt 0:00:42] (Qe4) } 37.h4
{ [%eval -15,12] [%emt 0:00:12] (h4) } 37...f5
{ [%eval 89,13] [%emt 0: 00:42] (Ba7) } 38.Qf7
{ [%eval -35,13] [%emt 0:00:14] (b4) } 38...Qe4+
{ [%eval 95,11] [%emt 0:00:42] (Qe4) } 39.Kh2
{ [%eval -87,14] [%emt 0:00:16] (Kf2) } 39...Qe2+
{ [%eval 72,12] [%emt 0:00:42] (Bd8) } 40.Kh3
{ [%eval 0,15] [%emt 0:00:22] (Kg1) } 40...Qf1+
{ [%eval 52,12] [%emt 0:00:42] (Qf1) } 41.Kh2
{ [%eval 10,1] [%emt 0:00:00] (Kh2) } 41...Qe2+
{ [%eval 26,12] [%emt 0:00:37] (Qf2) } 42.Kh3
{ [%eval 0,23] [%emt 0: 01:16] (Kh3) } 42...Qe4 43.Kh2
{ [%eval 0,25] [%emt 0: 00:47] (Kh2) } 43...Ba7
{ [%eval 26,11] [%emt 0:00:37] (Qc2) } 44.h5
{ [%eval -1,13] [%emt 0:00:43] (Qc4) } 44...b5
{ [%eval 4,12] [%emt 0:00:37] (Bb6) } 45.Qxa7
{ [%eval 0,16] [%emt 0:00:45] (Qxa7) } 45...Qe2+
{ [%eval 4,13] [%emt 0:00:37] (Qe2) } 46.Kg1
{ [%eval 0,19] [%emt 0:01:26] (Kg1) } 46...Qe3+
{ [%eval 4,13] [%emt 0:00:37] (Qe3) } 47.Kg2
{ [%eval 0,19] [%emt 0:02:37] (Kg2) } 47...Qe2+
{ [%eval 0,12] [%emt 0:00:37] (Qe2) } 48.Kg1
{ [%eval 0,21] [%emt 0:00:40] (Kg1) } 48...Qe3+ 49.Kg2 { [%eval 0,21] [%emt 0:01:52] (Kg2) }
49...Qe2+ 50.Kg1
{ [%eval 0,24] [%emt 0:06:47] (Kg1) } 1/2-1/2

[Event "41st Amateur D7"]
[Site "ChessGUI4"]
[Date "2013.07.09"]
[Round "26.3"]
[White "Waxman 2011"]
[Black "ChessKiss 1.7 64-bit"]
[Result "1/2-1/2"]
[BlackElo "2214"]
[ECO "C43"]
[EventDate "2013.??.??"]
[TimeControl "40/1500:40/1500:40/1500"]
[WhiteElo "2256"]

{ i5 Quad } 1.e4 e5 2.Nf3 Nf6 3.d4 Nxe4 4.Bd3 d5 5.Nxe5 Bd6 6.O-O O-O 7.c4 Bxe5 8.dxe5 Nc6 9.Re1 Nxe5 { [%eval 2,12] [%emt 0:00:48] (f5) } 10.cxd5
{ [%eval -2,12] [%emt 0:00:29] (cxd5) } 10...Nxd3
{ [%eval -15,12] [%emt 0:00:43] (Nxd3) } 11.Qxd3
{ [%eval 0,12] [%emt 0:00:20] (Qxd3) } 11...Nd6
{ [%eval -23,12] [%emt 0:00:41] (Bf5) } 12.Bf4
{ [%eval 21,13] [%emt 0:00:56] (Bf4) } 12...Bf5
{ [%eval -24,12] [%emt 0:00:39] (Bf5) } 13.Qb3
{ [%eval 11, 12] [%emt 0:00:47] (Qf3) } 13...Qd7
{ [%eval -23,12] [%emt 0:00:38] (Qd7) } 14.Nd2
{ [%eval 15,13] [%emt 0:00:47] (Nd2) } 14...Rfe8
{ [%eval -23,11] [%emt 0:00:39] (Rfe8) } 15.Bxd6
{ [%eval 7,12] [%emt 0:00:53] (Nc4) } 15...cxd6
{ [%eval -14,12] [%emt 0:00: 35] (cxd6) } 16.Rac1
{ [%eval 0,13] [%emt 0:01:07] (Rac1) } 16...Rad8
{ [%eval -18,12] [%emt 0:00:35] (h6) } 17.Nf3
{ [%eval 0,12] [%emt 0:00:32] (Nf3) } 17...Rxe1+
{ [%eval -15,12] [%emt 0:00:34] (Be4) } 18.Rxe1
{ [%eval 10,14] [%emt 0:00:53] (Rxe1) } 18...h6
{ [%eval -15,13] [%emt 0:00:32] (h6) } 19.h3
{ [%eval 0,14] [%emt 0: 00:34] (Nd4) } 19...Rc8
{ [%eval -14,14] [%emt 0:00:31] (a6) } 20.Nd4
{ [%eval 5,14] [%emt 0:00:47] (Nd4) } 20...Bg6
{ [%eval -9,13] [%emt 0:00:31] (Bg6) } 21.Qb5
{ [%eval 4,14] [%emt 0:01:09] (Qg3) } 21...Qc7
{ [%eval -11,12] [%emt 0:00:30] (Qc7) } 22.Nb3
{ [%eval 8,13] [%emt 0:00:54] (Qa4) } 22...a6
{ [%eval -4,14] [%emt 0:00:26] (Kh7) } 23.Qb4
{ [%eval 5,14] [%emt 0:01:02] (Qa4) } 23...Qd7
{ [%eval -6,12] [%emt 0: 00:28] (Qd7) } 24.Na5
{ [%eval -7,14] [%emt 0:00:54] (Qb6) } 24...Rc5
{ [%eval 15,12] [%emt 0:00:27] (Rc5) } 25.Nc4
{ [%eval -6,14] [%emt 0:01:33] (f3) } 25...Qd8
{ [%eval 15,12] [%emt 0:00:27] (Qc7) } 26.Ne3
{ [%eval -12,13] [%emt 0:00:37] (Ne3) } 26...b5
{ [%eval 18,13] [%emt 0:00:26] (Qa5) } 27.Qd4
{ [%eval -1,12] [%emt 0:00:38] (Qd4) } 27...a5
{ [%eval 15,13] [%emt 0:00:25] (a5) } 28.a3
{ [%eval -5,12] [%emt 0:00:48] (b3) } 28...Kh7
{ [%eval 19,12] [%emt 0:00:24] (Qd7) } 29.Qd2
{ [%eval -5,12] [%emt 0: 00:34] (b4) } 29...Qf6
{ [%eval 23,13] [%emt 0:00:22] (Rc8) } 30.Ng4
{ [%eval -8,14] [%emt 0:00:42] (Ra1) } 30...Qd8
{ [%eval 22,13] [%emt 0:00:23] (Qf5) } 31.Ne3
{ [%eval 0,16] [%emt 0:00:39] (Ne3) } 31...Qf6 32.Ng4 { [%eval 0,16] [%emt 0:00:39] (Ng4) }
32...Qg5 33.Ne3
{ [%eval -33,14] [%emt 0:01:51] (Qxg5) } 33...f5
{ [%eval 40,14] [%emt 0:00:21] (Rxd5) } 34.Qxa5
{ [%eval -20,13] [%emt 0:00:23] (Qxa5) } 34...f4
{ [%eval 32,12] [%emt 0:00: 20] (f4) } 35.Ng4
{ [%eval -19,12] [%emt 0:01:21] (Ng4) } 35...h5
{ [%eval 65,13] [%emt 0:00:22] (Qxd5) } 36.Nh2
{ [%eval -41,13] [%emt 0:00:24] (Nh2) } 36...Qxd5
{ [%eval 91,13] [%emt 0:00:20] (Qxd5) } 37.b4
{ [%eval -40,12] [%emt 0:00:17] (b4) } 37...Rc4
{ [%eval 90,13] [%emt 0:00:20] (Rc8) } 38.Qd8
{ [%eval -66,12] [%emt 0:00: 20] (Nf3) } 38...Be4
{ [%eval 149,13] [%emt 0:00:18] (Be4) } 39.Qe7
{ [%eval -91,12] [%emt 0:00:15] (f3) } 39...Bxg2
{ [%eval 363,14] [%emt 0:00:18] (Bxg2) } 40.Ng4
{ [%eval -75,11] [%emt 0:00:12] (h4) } 40...hxg4
{ [%eval 413,12] [%emt 0:00:17] (hxg4) } 41.Qh4+
{ [%eval -8,15] [%emt 0:00:51] (Qh4) } 41...Kg6
{ [%eval 101,15] [%emt 0:00: 59] (Kg6) } 42.Qxg4+
{ [%eval -14,16] [%emt 0:00:34] (Qxg4) } 42...Kf6
{ [%eval 112,16] [%emt 0:00:57] (Kf6) } 43.Qh4+
{ [%eval -32,15] [%emt 0:00:30] (Qxg2) } 43...Qg5
{ [%eval 17,17] [%emt 0:00:56] (Qg5) } 44.Qxg5+
{ [%eval -23,18] [%emt 0:00:33] (Re6) } 44...Kxg5
{ [%eval 47,19] [%emt 0:00:54] (Kxg5) } 45.Kxg2
{ [%eval -16,15] [%emt 0:00:07] (Kxg2) } 45...Kf6
{ [%eval 32,18] [%emt 0:00:53] (Kf6) } 46.Re8
{ [%eval 0,17] [%emt 0:00:22] (Re8) } 46...Rc3
{ [%eval 31,17] [%emt 0:00:51] (Rc3) } 47.Rf8+
{ [%eval -8,18] [%emt 0:00:28] (Rb8) } 47...Ke6
{ [%eval 27,17] [%emt 0:00:50] (Ke5) } 48.Rxf4
{ [%eval -1,18] [%emt 0:00:23] (Re8) } 48...Rxa3
{ [%eval 58,18] [%emt 0:00:48] (Rxa3) } 49.Rg4
{ [%eval 0,18] [%emt 0:00:27] (Re4) } 49...Kf6
{ [%eval 62,17] [%emt 0:00:47] (Ra4) } 50.Rf4+
{ [%eval 0,20] [%emt 0:00:29] (Rf4) } 50...Ke6
{ [%eval 54,18] [%emt 0:00:46] (Ke6) } 51.Rg4
{ [%eval 0,22] [%emt 0:00:28] (Re4) } 51...Rb3 52.h4 { [%eval 0,20] [%emt 0:00:29] (h4) }
52...Kf6 { [%eval 39,17] [%emt 0:00:43] (Kf7) } 53.Rf4+
{ [%eval 0,20] [%emt 0:00:24] (Rf4) } 53...Ke6
{ [%eval 37,18] [%emt 0:00:42] (Ke7) } 54.Rg4
{ [%eval 0,21] [%emt 0: 00:21] (Re4) } 54...Kf7
{ [%eval 38,17] [%emt 0:00:41] (Kf7) } 55.Rf4+
{ [%eval 0,21] [%emt 0:00:37] (Rf4) } 55...Ke7
{ [%eval 39,19] [%emt 0:00:39] (Kg8) } 56.Re4+
{ [%eval 0,22] [%emt 0:00:46] (Rg4) } 56...Kf7
{ [%eval 36,18] [%emt 0:00:38] (Kf8) } 57.Rf4+
{ [%eval 0,24] [%emt 0:00:29] (Rf4) } 57...Kg6 58.Rd4 { [%eval 0,22] [%emt 0:00:44] (Rg4) }
58...d5 { [%eval 54,17] [%emt 0:00:36] (Kf7) } 59.h5+
{ [%eval 0,22] [%emt 0:00:41] (f4) } 59...Kf6
{ [%eval 54,19] [%emt 0:00:35] (Kf6) } 60.Rf4+
{ [%eval 0,22] [%emt 0:00:41] (Rf4) } 60...Ke6
{ [%eval 51,19] [%emt 0: 00:34] (Ke7) } 61.Rg4
{ [%eval 0,22] [%emt 0:00:55] (Rg4) } 61...Kf7
{ [%eval 41,18] [%emt 0:00:33] (Kf7) } 62.Rf4+
{ [%eval 0,22] [%emt 0:00:28] (Rf4) } 62...Ke7
{ [%eval 32,18] [%emt 0:00:32] (Ke7) } 63.Rg4
{ [%eval 0,21] [%emt 0:01:10] (Rg4) } 63...Kf6
{ [%eval 26,19] [%emt 0:00:31] (Kf8) } 64.Rf4+
{ [%eval 0,24] [%emt 0:00:38] (Rf4) } 64...Ke6 65.Rg4 { [%eval 0,24] [%emt 0:01:04] (Rg4) }
65...Kf7 66.Rf4+
{ [%eval 0,24] [%emt 0:00:32] (Rf4) } 66...Ke7 67.Rg4 { [%eval 0,24] [%emt 0:00:38] (Rg4) }
67...Kf8 68.Rd4
{ [%eval 0,21] [%emt 0:00:31] (Rf4) } 68...Rb2
{ [%eval 47,18] [%emt 0:00:26] (Kg8) } 69.Kf3
{ [%eval 0,20] [%emt 0: 00:44] (Rxd5) } 1/2-1/2